 Dungeon Crawl Stone Soup version 0.27.0-1-g7a089689b8 (webtiles) character file.

Game seed: 17868063342067577307

70 horus123 the Magician (level 4, -10/24 HPs)
             Began as a Deep Elf Fire Elementalist on Aug 1, 2021.
             Killed by an exploding bat (34 damage)
             ... ignited by their inner flame
             ... on level 2 of the Dungeon.
             The game lasted 00:07:45 (1936 turns).

horus123 the Magician (Deep Elf Fire Elementalist)  Turns: 1936, Time: 00:07:47

Health: -10/24     AC:  3    Str:  5    XL:     4   Next: 4%
Magic:  8/12       EV: 12    Int: 21    God:
Gold:   150        SH:  0    Dex: 15    Spells: 7/11 levels left

rFire    . . .     SeeInvis .   c - staff of cold
rCold    + . .     Faith    .   (no shield)
rNeg     . . .     Spirit   .   a - +0 robe
rPois    .         Reflect  .   b - +0 helmet
rElec    .         Harm     .   (no cloak)
rCorr    .         Rampage  .   (no gloves)
Will     .....                  (no boots)
Stlth    ++........             (no amulet)
HPRegen  0.08/turn              (no ring)
MPRegen  0.13/turn              (no ring)

@: no status effects
A: no striking features
a: no special abilities


You were on level 2 of the Dungeon.
You visited 1 branch of the dungeon, and saw 2 of its levels.

You collected 150 gold pieces.

Inventory:

Armour
 a - a +0 robe (worn)
 b - a +0 helmet (worn)
Magical Staves
 c - a staff of cold (weapon)
Scrolls
 g - a scroll of enchant armour {unknown}
Potions
 d - 2 potions of berserk rage {unknown}
 e - 2 potions of heal wounds {unknown}
 f - a potion of curing {unknown}


   Skills:
 + Level 2.5 Dodging
 + Level 2.8 Stealth
 + Level 4.2 Spellcasting
 + Level 2.2 Conjurations
 + Level 4.0 Fire Magic


You had 7 spell levels left.
You knew the following spells:

 Your Spells              Type           Power      Damage    Failure   Level
a - Foxfire               Conj/Fire      68%        2x1d7     3%          1
b - Inner Flame           Hex/Fire       13%        N/A       16%         3

Your spell library contained the following spells:

 Spells                   Type           Power      Damage    Failure   Level
 Conjure Flame            Conj/Fire      17%        6-21      10%         3
 Sticky Flame             Conj/Fire      17%        2d4       32%         4
 Fireball                 Conj/Fire      8%         3d6       65%         5


Dungeon Overview and Level Annotations

Branches:
Dungeon (2/15)

Altars:
Uskayaw


Message History

Casting: Foxfire (safe; 3% risk of failure)
Confirm with . or Enter, or press ? or * to list all spells.
The spell is quite dangerous to cast (16% risk of failure)!
Continue anyway?
Aiming: Inner Flame (quite dangerous; 16% risk of failure)
Press: ? - help, Shift-Dir - straight line, f - hobgoblin
Aim: a hobgoblin (asleep, chance to affect: 81%)
The hobgoblin barely resists.
You miscast Foxfire.
You are very lightly contaminated with residual magic.
Nothing appears to happen.
You conjure some foxfire!
The foxfire hits the hobgoblin.
The hobgoblin is severely wounded.
The foxfire hits the hobgoblin.
You kill the hobgoblin!
You start resting.
Your magical contamination has completely faded away.
You start resting.
Magic restored.
There is an open door here.
There is an open door here.
You open the door.
A bat and a rat come into view.
Found a viscous orange potion.
There is an open door here.
Casting: Foxfire (safe; 3% risk of failure)
Confirm with . or Enter, or press ? or * to list all spells.
The spell is quite dangerous to cast (16% risk of failure)!
Continue anyway?
Aiming: Inner Flame (quite dangerous; 16% risk of failure)
Press: ? - help, Shift-Dir - straight line, f - bat
Aim: a bat (asleep, chance to affect: 81%)
The bat is filled with an inner flame.
The bat completely misses you.
You conjure some foxfire!
The foxfire hits the bat.
Flame seeps out of the bat.
The bat is moderately wounded.
The bat is engulfed in blazing flames.
The bat explodes!
The fiery explosion engulfs you!!
Ouch! That really hurt!
You die...

...........
#...)...#...(...#....
...###+####
#.......#.......#....
.......#
#.#.......#.......#....
#'###### #.##.....#
#.....###... #'###
#..##...## #...# ##..
....#
#..##'#######'#######'
....#
#....................
....#
#...v................
....#
#..§@§............)..
....#
####○#######'#######'
....# #§.§# ##...##
##.. ....#
#.....###.....###...
.####
#...r...#.......#....
.##########
#.......#.......#....
..........#
#...!...#.......#....
#.........#
##.....###.....###...
#.........# ##...##
##...## ##..


You could see a rat.

Vanquished Creatures
  3 adders (D:2)
  A worm (D:2)
  2 dart slugs
  5 endoplasms
  2 goblins (D:2)
  3 hobgoblins (D:2)
  6 jackals (D:1)
  4 kobolds
  A ball python (D:2)
  3 bats
  4 frilled lizards
  2 rats
36 creatures vanquished.

Vanquished Creatures (others)
  102 foxfires
102 creatures vanquished.

Grand Total: 138 creatures vanquished

Notes
Turn   | Place    | Note
-------+----------+-------------------------------------------
     0 | D:1      | horus123 the Deep Elf Fire Elementalist began the quest for
                  | the Orb.
     0 | D:1      | Reached XP level 1. HP: 10/10 MP: 6/6
   498 | D:1      | Found a faded altar of an unknown god.
   594 | D:1      | Reached XP level 2. HP: 8/15 MP: 5/8
  1299 | D:2      | Reached XP level 3. HP: 19/19 MP: 6/10
  1331 | D:2      | Learned a level 3 spell: Inner Flame
  1655 | D:2      | Found a hide-covered altar of Uskayaw.
  1806 | D:2      | Reached XP level 4. HP: 24/24 MP: 10/12
  1936 | D:2      | Killed by an exploding bat... ignited by their inner flame

Illustrated notes

Levels and vault maps discovered:
D:1:      mainiacjoe_arrival_reflecting_pool, layout_loops_ring,
          basic_ecumenical_altar, chequers_decorated_corner
D:2:      kennysheep_six_static_rooms, layout_basic, basic_altar

Skill      XL: |  1  2  3 |
---------------+----------+-----
Conjurations   | 2 |  2.2
Spellcasting   | 4 |  4.2
Fire Magic     | 4 |  4.0
Dodging        | |  2.5
Stealth        | |  2.8

Action                   |  1- 3 |  4- 6 || total
-------------------------+-------+-------++-------
 Cast: Foxfire           |    64 |     3 ||    67
       Inner Flame       |     5 |     2 ||     7
Armor: Robe              |     2 |       ||     2
Dodge: Dodged            |     3 |     1 ||     4
